[Event "Titled Tuesday Blitz February 28 Early 2023"]
[White "Hertlein, Irena"]
[Black "Bogaudinov, Rushan"]
[WhiteFideId "21817618"]
[BlackFideId "4129288"]
[WhiteElo "1776"]
[BlackElo "2063"]
[Result "0-1"]
[Round "07"]
[TimeControl "180+2"]
[Date "2023.02.28"]
[WhiteClock "0:00:16"]
[BlackClock "0:02:00"]

1. Nf3 d5 2. e3 Nf6 3. c4 e6 4. b3 a5 5. Nc3 Be7 6. Bb2 O-O 7. Be2 b6 8. cxd5 exd5 9. d4 c5 10. O-O Nc6 11. dxc5 bxc5 12. Rc1 Bg4 13. Na4 Ne4 14. h3 Be6 15. Nd2 Nb4 16. Nxe4 dxe4 17. Qxd8 Rfxd8 18. Nxc5 Bxc5 19. Rxc5 Rd2 20. Bc3 Rxe2 21. Bxb4 axb4 22. Rb5 Rexa2 23. Rxb4 f5 24. g4 Ra1 25. gxf5 Bxf5 26. Rb7 Bxh3 27. Rxa1 Rxa1+ 28. Kh2 Bf5 29. Kg3 Rb1 30. b4 g5 31. Rb5 Bg6 32. Rb8+ Kg7 33. b5 h5 34. b6 Bf5 35. Rb7+ Kh6 36. Rb8 h4+ 37. Kg2 Bg4 38. b7 Bf3+ 0-1


[Site "https://www.chess.com"]

[Event "Titled Tuesday Blitz February 28 Early 2023"]
[White "Devaev, Alexander"]
[Black "Rose, Felix"]
[WhiteFideId "4169395"]
[BlackFideId "5105722"]
[WhiteElo "2225"]
[BlackElo "2039"]
[Result "0-1"]
[Round "07"]
[TimeControl "180+2"]
[Date "2023.02.28"]
[WhiteClock "0:00:02"]
[BlackClock "0:01:17"]

1. d4 d5 2. c4 e6 3. Nc3 Nf6 4. Nf3 Be7 5. Bg5 Nbd7 6. e3 h6 7. Bh4 O-O 8. Rc1 c5 9. cxd5 cxd4 10. Qxd4 Nxd5 11. Nxd5 exd5 12. Bxe7 Qxe7 13. Be2 Nf6 14. O-O Be6 15. Rc2 a6 16. Rfc1 Bf5 17. Rc7 Qd6 18. Rxb7 Rfc8 19. Rd1 Rc2 20. Rb6 Qc7 21. Bxa6 Rc1 22. Rb7 Qc2 23. Be2 Ne4 24. Rxc1 Qxc1+ 25. Qd1 Qc6 26. Rb4 Rxa2 27. h3 Kh7 28. Nd4 Qf6 29. Bd3 Bg6 30. Nf3 Rxb2 31. Rxb2 Qxb2 32. Bxe4 Bxe4 33. Nd4 f6 34. Kh2 Qxf2 35. Qg4 Qxe3 0-1


[Site "https://www.chess.com"]

[Event "Titled Tuesday Blitz February 28 Early 2023"]
[White "Kuchava, Ana"]
[Black "Pein, Jonathan"]
[WhiteFideId "13605348"]
[BlackFideId "417092"]
[WhiteElo "2001"]
[BlackElo "2151"]
[Result "1-0"]
[Round "07"]
[TimeControl "180+2"]
[Date "2023.02.28"]
[WhiteClock "0:00:13"]
[BlackClock "0:00:08"]

1. d4 d6 2. Nf3 g6 3. c4 Bg7 4. Nc3 Nf6 5. e4 O-O 6. Be2 Bg4 7. O-O c5 8. d5 b5 9. cxb5 a6 10. bxa6 Nxa6 11. Be3 Qb6 12. a3 Nd7 13. Qc2 Rfb8 14. Rab1 Bxf3 15. Bxf3 Qb3 16. Qxb3 Rxb3 17. Bd1 Rb7 18. Ba4 Nb6 19. Bc6 Rab8 20. Bxb7 Rxb7 21. Rfc1 Nc4 22. Na4 Nxe3 23. fxe3 Rb3 24. Kf2 h5 25. Rc4 Nb8 26. Ke2 Nd7 27. Rbc1 Ne5 28. R4c3 Rb7 29. R3c2 h4 30. h3 Bf6 31. Nc3 Bg5 32. Nd1 Kf8 33. Ra1 c4 34. a4 Ke8 35. a5 Kd7 36. a6 Ra7 37. Nc3 Nd3 38. Nb5 Ra8 39. Rxc4 Nc5 40. a7 Bf6 41. Ra6 Bxb2 42. Rc6 e6 43. Rc7+ Ke8 44. Nxd6+ Kd8 45. R4xc5 1-0


[Site "https://www.chess.com"]

[Event "Titled Tuesday Blitz February 28 Early 2023"]
[White "Mohammed, Zozek Salah Mohammed"]
[Black "Winkels, Marcel"]
[WhiteFideId "4803361"]
[BlackFideId "1003887"]
[WhiteElo "2211"]
[BlackElo "1900"]
[Result "1-0"]
[Round "07"]
[TimeControl "180+2"]
[Date "2023.02.28"]
[WhiteClock "0:01:46"]
[BlackClock "0:00:34"]

1. d4 Nf6 2. Nf3 g6 3. g3 Bg7 4. Bg2 d5 5. O-O O-O 6. c4 c6 7. Nc3 dxc4 8. Ne5 Ng4 9. Nf3 b5 10. a4 Bb7 11. axb5 cxb5 12. Nxb5 Nc6 13. h3 Nf6 14. Bd2 a6 15. Na3 Nxd4 16. Nxc4 Nxf3+ 17. exf3 Rc8 18. Na5 Ba8 19. Bc3 Nd5 20. Bxg7 Kxg7 21. Qd4+ Kg8 22. f4 e6 23. Rfd1 Rc2 24. Nc4 Qc7 25. Ne5 Bb7 26. Ng4 h5 27. Bxd5 hxg4 28. Bxb7 Qxb7 29. hxg4 Rxb2 30. g5 Rc8 31. Rac1 Rbc2 32. Rxc2 Rxc2 33. Qd8+ Kh7 34. Qf8 Rc7 35. Kh2 Qf3 36. Rd2 a5 37. Qh6+ Kg8 38. Rd8# 1-0


[Site "https://www.chess.com"]

[Event "Titled Tuesday Blitz February 28 Early 2023"]
[White "Fabris, Alberto"]
[Black "Hajiyev, Kanan"]
[WhiteFideId "801348"]
[BlackFideId "13404148"]
[WhiteElo "2135"]
[BlackElo "2103"]
[Result "0-1"]
[Round "07"]
[TimeControl "180+2"]
[Date "2023.02.28"]
[WhiteClock "0:00:01"]
[BlackClock "0:00:17"]

1. e4 c6 2. d4 d5 3. e5 a6 4. Bd3 c5 5. c3 cxd4 6. cxd4 Nc6 7. Be3 Qb6 8. Qb3 Qxb3 9. axb3 Nb4 10. Ke2 Nxd3 11. Kxd3 Bf5+ 12. Ke2 Rc8 13. Nc3 e6 14. Nf3 Bb4 15. Rhc1 Ne7 16. Na4 O-O 17. Nb6 Rc6 18. Rxc6 Nxc6 19. Rc1 h6 20. Ne1 g5 21. Nd3 Bxd3+ 22. Kxd3 Rd8 23. h4 Ba5 24. Na4 gxh4 25. Bxh6 Kh7 26. Bg5 Rg8 27. f4 Bd8 28. Rh1 Bxg5 29. fxg5 Rxg5 30. Rxh4+ Kg7 31. g4 Ne7 32. Nc5 Ng6 33. Rh2 b6 34. Nxa6 Rxg4 35. Nb8 Nf4+ 36. Kc3 Rg3+ 37. Kb4 Ng6 38. Nd7 b5 39. Nf6 Rd3 40. Rh7+ Kf8 41. Nd7+ Ke7 42. Nc5 Rxd4+ 43. Kxb5 Nxe5 44. b4 Kd6 45. Nb7+ Kc7 46. Nc5 Rg4 47. Nxe6+ Kd6 48. Nc5 d4 49. Rh6+ Kd5 50. Rh3 f5 51. Ka6 f4 52. Nd3 Nxd3 53. Rxd3 Kc4 54. Rd2 f3 55. b5 Rg2 56. Rd1 Rxb2 57. Rc1+ Kd3 58. b6 Ra2+ 59. Kb5 f2 60. Rb1 Rb2+ 61. Rxb2 f1=Q 62. Kc6 Kc3 63. Rb5 Qf7 64. Rc5+ Kb4 65. Rb5+ Ka4 66. b7 Qe8+ 0-1


[Site "https://www.chess.com"]

[Event "Titled Tuesday Blitz February 28 Early 2023"]
[White "Levine, David"]
[Black "Pourkashiyan, Atousa"]
[WhiteFideId "2011611"]
[BlackFideId "12502014"]
[WhiteElo "2126"]
[BlackElo "2228"]
[Result "0-1"]
[Round "07"]
[TimeControl "180+2"]
[Date "2023.02.28"]
[WhiteClock "0:00:04"]
[BlackClock "0:00:08"]

1. d4 g6 2. Nf3 Bg7 3. g3 Nf6 4. c4 O-O 5. Bg2 d6 6. O-O Nc6 7. Nc3 e5 8. dxe5 dxe5 9. Bg5 Be6 10. b3 Nd4 11. Nxe5 h6 12. Be3 c5 13. Nd3 Ng4 14. Bd2 Bf5 15. e4 Be6 16. Nd5 f5 17. Nxc5 Bc8 18. h3 Ne5 19. Be3 Nec6 20. Rc1 b6 21. Nd3 fxe4 22. Bxe4 Bxh3 23. Bxg6 Nf3+ 24. Kh1 Bg4 25. N3f4 Nfe5 26. Qc2 Bf3+ 27. Kg1 Qd7 28. Be4 Rae8 29. Bxf3 Nxf3+ 30. Kg2 Qg4 31. Qg6 Nh4+ 32. Kh2 Nxg6 33. f3 Qg5 34. Rce1 Nxf4 35. Bxf4 Qh5+ 36. Kg2 Be5 37. g4 Qf7 38. Bd2 Bg7 39. Rd1 Re2+ 0-1


[Site "https://www.chess.com"]

[Event "Titled Tuesday Blitz February 28 Early 2023"]
[White "Flis, Pawel"]
[Black "Fan_Of_Chucky"]
[WhiteFideId "1112864"]
[WhiteElo "1822"]
[BlackElo "2399"]
[Result "0-1"]
[Round "07"]
[TimeControl "180+2"]
[Date "2023.02.28"]
[WhiteClock "0:00:12"]
[BlackClock "0:00:21"]

1. e4 c5 2. d4 cxd4 3. Nf3 a6 4. Nxd4 Nf6 5. Bd3 e5 6. Nf3 d5 7. Nbd2 dxe4 8. Nxe4 Nxe4 9. Bxe4 Qxd1+ 10. Kxd1 f6 11. Be3 Nd7 12. Ke2 Bc5 13. Rhd1 Bxe3 14. Kxe3 Nc5 15. Bd5 Be6 16. Bxe6 Nxe6 17. Rd6 Ke7 18. Rad1 Rhd8 19. Rxd8 Rxd8 20. Rxd8 Nxd8 21. c4 Nf7 22. b4 Nd6 23. Nd2 Ke6 24. g4 Nc8 25. Ne4 b6 26. c5 Kd5 27. Kd3 bxc5 28. bxc5 Ne7 29. Nd6 Ng6 30. Ne8 Nf4+ 31. Kc3 Ne6 32. Kb4 Nxc5 33. Nxg7 Nd3+ 34. Ka5 Nxf2 35. Kxa6 e4 36. Nf5 Nxg4 37. h3 Ne5 38. Kb7 Nc4 39. a4 e3 40. Nxe3+ Nxe3 41. a5 Nc4 42. a6 Nd6+ 43. Kb6 Kc4 44. Kc6 Nb5 45. Kb6 f5 46. h4 f4 47. h5 f3 48. h6 f2 49. a7 Nxa7 50. Kxa7 f1=Q 51. Kb6 Qf6+ 52. Kc7 Qxh6 53. Kd7 Qf6 54. Kc7 h5 55. Kb7 h4 56. Kc8 h3 57. Kd7 h2 58. Kc8 h1=Q 59. Kb8 Qg6 60. Kc8 Qhh7 61. Kb8 Qgg8# 0-1


[Site "https://www.chess.com"]

[Event "Titled Tuesday Blitz February 28 Early 2023"]
[White "Mirzanurov, Bulat"]
[Black "Necula, Iulian"]
[WhiteFideId "4184521"]
[BlackFideId "1232380"]
[WhiteElo "2019"]
[BlackElo "1790"]
[Result "1-0"]
[Round "07"]
[TimeControl "180+2"]
[Date "2023.02.28"]
[WhiteClock "0:00:42"]
[BlackClock "0:00:50"]

1. e4 d6 2. d4 Nf6 3. Nc3 e5 4. Be3 Nbd7 5. f3 Be7 6. Qd2 c6 7. a4 Qc7 8. g4 h6 9. h4 exd4 10. Bxd4 Ne5 11. Rh2 a6 12. a5 c5 13. Be3 Nc6 14. Rg2 Nxa5 15. g5 hxg5 16. hxg5 Nd7 17. Nd5 Qd8 18. Qxa5 Qxa5+ 19. Rxa5 b6 20. Ra1 Bd8 21. Ne2 Rh3 22. Nef4 Rxf3 23. Be2 Rxe3 24. Nxe3 Bb7 25. Ned5 Ne5 26. g6 f6 27. Rh2 Kd7 28. Rh7 Bxd5 29. Nxd5 Nxg6 30. Rxg7+ Ne7 31. Bg4+ Ke8 32. Nxe7 Bxe7 33. Ke2 Kf8 34. Rh7 f5 35. Bxf5 Bf6 36. Rah1 Re8 37. Bg6 Re5 38. Rf7+ Kg8 39. Rxf6 Kg7 40. Rxd6 b5 41. Rh7+ Kf8 42. Rd8+ 1-0


[Site "https://www.chess.com"]

[Event "Titled Tuesday Blitz February 28 Early 2023"]
[White "Hoffmann, Asa"]
[Black "Pissama Ntsaou, Martial"]
[WhiteFideId "2001470"]
[BlackFideId "17400864"]
[WhiteElo "2117"]
[BlackElo "2053"]
[Result "0-1"]
[Round "07"]
[TimeControl "180+2"]
[Date "2023.02.28"]
[WhiteClock "0:00:12"]
[BlackClock "0:00:03"]

1. d4 d5 2. Bg5 c6 3. e3 Qb6 4. b3 Bf5 5. Bd3 Bxd3 6. Qxd3 e6 7. Nd2 Nd7 8. f4 Ngf6 9. Ngf3 Ba3 10. Rb1 Be7 11. O-O Nf8 12. Ne5 Ng6 13. c4 dxc4 14. bxc4 Qc7 15. Ndf3 Rd8 16. Qb3 Rb8 17. Qc2 O-O 18. f5 exf5 19. Qxf5 Qc8 20. Nxg6 hxg6 21. Qxc8 Rfxc8 22. Ne5 Rc7 23. h3 Rbc8 24. Bf4 Nh5 25. Bh2 Bf6 26. Nd3 Re7 27. Rfe1 Bg5 28. Nf4 Nxf4 29. Bxf4 Bxf4 30. exf4 Rce8 31. Rxe7 Rxe7 32. Kf2 Rd7 33. Ke3 Kf8 34. g4 Ke7 35. Ke4 Kf6 36. d5 c5 37. g5+ Ke7 38. Re1 Kd6 39. Kf3 Rd8 40. Re5 a6 41. a4 Rb8 42. Ke4 b5 43. axb5 axb5 44. cxb5 Rxb5 45. Kf3 Rb3+ 46. Kg4 Rd3 47. Re8 Rxd5 48. Rg8 c4 49. Rxg7 Ke6 50. Rg8 Rc5 51. Re8+ Kd7 52. Re2 c3 53. Rc2 Kd6 54. h4 Kd5 55. h5 gxh5+ 56. Kxh5 Kd4 57. Kh6 Kd3 58. Rc1 c2 59. Rf1 c1=Q 60. Rxc1 Rxc1 61. Kg7 Rf1 62. Kxf7 Rxf4+ 63. Kg7 Ke4 64. g6 Ke5 65. Kh8 Kf6 66. Kh7 Rg4 67. Kg8 Rxg6+ 68. Kh8 Rg1 69. Kh7 Rg2 70. Kh8 Kf7 71. Kh7 Rh2# 0-1


[Site "https://www.chess.com"]

[Event "Titled Tuesday Blitz February 28 Early 2023"]
[White "Tsyhanchuk, Stanislav"]
[Black "Kalajzic, Ivan"]
[WhiteFideId "13505130"]
[BlackFideId "14506378"]
[WhiteElo "2173"]
[BlackElo "2203"]
[Result "0-1"]
[Round "07"]
[TimeControl "180+2"]
[Date "2023.02.28"]
[WhiteClock "0:00:37"]
[BlackClock "0:00:08"]

1. c4 Nc6 2. Nc3 e5 3. g3 Bc5 4. Bg2 d6 5. e3 Bf5 6. Nge2 Nb4 7. e4 Nd3+ 8. Kf1 Nxf2 9. Qc2 Bd7 10. b4 Bb6 11. Nd5 Nxh1 12. Nxb6 axb6 13. Bxh1 Bh3+ 14. Bg2 Qf6+ 15. Kg1 Bxg2 16. Kxg2 Ne7 17. d3 O-O 18. a4 Qe6 19. d4 f5 20. d5 Qg6 21. exf5 Nxf5 22. Qe4 Nd4 23. Qxg6 hxg6 24. Nxd4 exd4 25. Bf4 Rae8 26. Ra2 d3 27. h4 Re2+ 28. Rxe2 dxe2 29. Kf2 Re8 30. Ke1 Ra8 31. Kxe2 Rxa4 32. Bd2 Ra3 33. Bf4 Rc3 34. c5 bxc5 35. b5 Rb3 36. b6 Rxb6 37. Kd3 Rb4 38. Kc3 Kf7 39. Bg5 Rd4 40. Be3 Rxd5 41. Kc4 Re5 42. Bf4 Re4+ 43. Kd5 Rxf4 44. gxf4 Kf6 45. Ke4 b5 46. Kd5 Kf5 47. h5 gxh5 48. Kc6 Kxf4 49. Kd7 g5 50. Ke8 d5 51. Kf8 c4 52. Kg8 d4 53. Kg7 g4 54. Kf8 h4 55. Ke8 c5 56. Kd8 b4 57. Kc8 b3 58. Kb8 c3 59. Ka8 d3 60. Ka7 d2 61. Kb7 c2 62. Kc7 b2 63. Kd7 c4 64. Ke7 c3 65. Kf7 g3 66. Kg7 h3 67. Kh7 h2 68. Kh8 g2 69. Kg8 b1=Q 70. Kf8 c1=Q 71. Ke8 c2 72. Kd8 Qcb2 73. Kc8 Q2a1 74. Kd8 c1=Q 75. Ke8 d1=Q 76. Kf8 g1=Q 77. Kf7 h1=Q 78. Kf8 Qde1 79. Kf7 Kf3 80. Kf8 Kf2 81. Kf7 Kf1 82. Kf8 Qef2+ 83. Ke7 Qhe4+ 84. Kd7 Qcd2+ 85. Kc8 Qbc1+ 86. Kb8 Qab1# 0-1


[Site "https://www.chess.com"]

[Event "Titled Tuesday Blitz February 28 Early 2023"]
[White "Kaufman, Raymond"]
[Black "Kavutskiy, Konstantin"]
[WhiteFideId "2015056"]
[BlackFideId "2026384"]
[WhiteElo "2321"]
[BlackElo "2369"]
[Result "0-1"]
[Round "07"]
[TimeControl "180+2"]
[Date "2023.02.28"]
[WhiteClock "0:00:02"]
[BlackClock "0:00:03"]

1. d4 Nf6 2. c4 g6 3. Nc3 Bg7 4. e4 d6 5. Nf3 O-O 6. Be2 e5 7. O-O h6 8. dxe5 dxe5 9. Qc2 Nc6 10. Rd1 Nd4 11. Nxd4 exd4 12. e5 Bf5 13. Qb3 Nd7 14. Nb5 Nc5 15. Qa3 d3 16. Bf3 b6 17. Be3 Bxe5 18. Bxc5 bxc5 19. Bxa8 Qxa8 20. Qxc5 Bxb2 21. Rab1 Bg7 22. Nxc7 Qe4 23. Nd5 Re8 24. h3 Bd4 25. Qd6 Kg7 26. Qg3 h5 27. Qf4 Qxf4 28. Nxf4 Re2 29. Nxd3 Rxa2 30. Kf1 Bxd3+ 31. Rxd3 Bxf2 32. Rbd1 Bc5 33. R3d2 Ra4 34. Rc2 Rb4 35. Rd5 Be3 36. c5 Rb7 37. c6 Rc7 38. Rd7 Rc8 39. c7 Bb6 40. Rc6 h4 41. Ke2 Kf8 42. Kf3 Ke8 43. Rd3 Rxc7 44. Rxc7 Bxc7 45. Kg4 Bb6 46. Kxh4 Ke7 47. Kg5 Kf8 48. h4 Kg7 49. Kg4 Kf6 50. g3 Kg7 51. Kf3 Kf6 52. g4 Kg7 53. Ke4 Kh6 54. Rd7 Kg7 55. Ke5 Bf2 56. h5 gxh5 57. gxh5 Kh6 58. Rxf7 Bg3+ 59. Kf5 Bf2 60. Rf8 Bb6 61. Rh8+ Kg7 62. Re8 Kh6 63. Re7 Bc5 64. Rf7 Bb6 0-1


[Site "https://www.chess.com"]

[Event "Titled Tuesday Blitz February 28 Early 2023"]
[White "De Souza, Cristiano Gomes"]
[Black "Shubenkova, Veronika"]
[WhiteFideId "2151758"]
[BlackFideId "44124040"]
[WhiteElo "2068"]
[BlackElo "2027"]
[Result "0-1"]
[Round "07"]
[TimeControl "180+2"]
[Date "2023.02.28"]
[WhiteClock "0:00:16"]
[BlackClock "0:01:09"]

1. d4 d5 2. c4 e6 3. Nf3 Nf6 4. Nc3 Be7 5. Bg5 c6 6. e3 O-O 7. Rc1 Nbd7 8. Be2 Re8 9. O-O Bd6 10. h3 h6 11. Bxf6 Qxf6 12. e4 dxe4 13. Nxe4 Qe7 14. Nxd6 Qxd6 15. Qc2 b6 16. Rcd1 Bb7 17. a3 Rad8 18. Rd2 Qc7 19. Rfd1 c5 20. dxc5 Nxc5 21. Rxd8 Rxd8 22. Rxd8+ Qxd8 23. Qd2 Qc7 24. b4 Ne4 25. Qd4 Nf6 26. Ne5 a5 27. c5 axb4 28. axb4 bxc5 29. bxc5 Bd5 30. Bb5 Qa5 31. Bf1 Qc7 32. f4 Ne4 33. Nd3 Ng3 34. Qe3 Nxf1 35. Kxf1 Bc4 36. Ke2 Qc6 37. g4 Qg2+ 38. Kd1 Qf1+ 39. Kd2 Bxd3 40. Qxd3 Qf2+ 41. Kd1 Qxc5 42. Ke2 Qc6 43. Kf2 Qc5+ 44. Kg3 Qc7 45. h4 g5 46. hxg5 hxg5 47. Qd4 gxf4+ 48. Qxf4 Qxf4+ 49. Kxf4 Kg7 50. Kg5 f6+ 51. Kf4 Kg6 52. Kf3 Kg5 53. Kg3 e5 54. Kf3 Kh4 55. g5 Kxg5 0-1


[Site "https://www.chess.com"]

[Event "Titled Tuesday Blitz February 28 Early 2023"]
[White "Curtis, John"]
[Black "Tarasova, Viktoriya"]
[WhiteFideId "3200256"]
[BlackFideId "4175840"]
[WhiteElo "2203"]
[BlackElo "2182"]
[Result "0-1"]
[Round "07"]
[TimeControl "180+2"]
[Date "2023.02.28"]
[WhiteClock "0:00:01"]
[BlackClock "0:00:40"]

1. d4 Nf6 2. c4 e6 3. Nf3 b6 4. g3 Ba6 5. Bg2 c6 6. b3 d5 7. Nbd2 Bd6 8. Bb2 O-O 9. O-O Nbd7 10. Rc1 Rc8 11. Re1 c5 12. e4 dxe4 13. Nxe4 Nxe4 14. Rxe4 Bb7 15. Re3 Nf6 16. Qc2 cxd4 17. Bxd4 Qe7 18. Ng5 e5 19. Bxb7 Qxb7 20. Bxe5 Bxe5 21. Rxe5 h6 22. Ne4 Ng4 23. Rd5 Qe7 24. h3 Ne5 25. Kg2 Rc6 26. Rcd1 f5 27. Nd2 f4 28. Qe4 Re6 29. gxf4 Ng6 30. Re5 Nxf4+ 0-1


[Site "https://www.chess.com"]

[Event "Titled Tuesday Blitz February 28 Early 2023"]
[White "lisjakzlatko1"]
[Black "Fernandez Garcia, Gumersindo"]
[BlackFideId "24516740"]
[WhiteElo "2165"]
[BlackElo "2093"]
[Result "0-1"]
[Round "07"]
[TimeControl "180+2"]
[Date "2023.02.28"]
[WhiteClock "0:00:07"]
[BlackClock "0:01:58"]

1. e4 c5 2. b4 b6 3. bxc5 bxc5 4. Nc3 g6 5. Nf3 Bg7 6. h4 h6 7. Bc4 Nc6 8. a3 e6 9. Rb1 Nge7 10. Nb5 d5 11. exd5 exd5 12. Ba2 O-O 13. h5 g5 14. Bb2 Bg4 15. Bxg7 Kxg7 16. Qc1 Re8 17. Kf1 d4 18. Nh2 Bxh5 19. g4 Bg6 20. d3 Nd5 21. Nf3 Nf4 22. Qd2 Rb8 0-1


[Site "https://www.chess.com"]

[Event "Titled Tuesday Blitz February 28 Early 2023"]
[White "Jesusesmifuerza"]
[Black "Piriflillo"]
[WhiteElo "2013"]
[BlackElo "2328"]
[Result "0-1"]
[Round "07"]
[TimeControl "180+2"]
[Date "2023.02.28"]
[WhiteClock "0:00:12"]
[BlackClock "0:00:41"]

1. d4 Nf6 2. Bg5 d5 3. e3 c5 4. dxc5 e6 5. b4 a5 6. c3 axb4 7. cxb4 b6 8. Bb5+ Bd7 9. Bxd7+ Qxd7 10. Nf3 bxc5 11. bxc5 Bxc5 12. O-O Ne4 13. Bf4 O-O 14. Nbd2 Nxd2 15. Qxd2 Nc6 16. Rfc1 Bb6 17. Ne5 Nxe5 18. Bxe5 Rfc8 19. Rxc8+ Rxc8 20. Bd4 Bxd4 21. Qxd4 h6 22. g3 Rc4 23. Qb6 Rc6 24. Qb8+ Rc8 25. Qb3 Qa7 26. a4 Qa5 27. Qb5 Ra8 28. Qxa5 Rxa5 29. Kf1 Kf8 30. Ke2 Ke7 31. Kd3 Kd6 32. e4 dxe4+ 33. Kxe4 Kc5 34. Rc1+ Kd6 35. Ra1 g6 36. f4 Kc5 37. Rc1+ Kb6 38. Rb1+ Ka6 39. Ra1 Rc5 40. h4 Rc3 41. g4 Rh3 42. g5 Rxh4 43. gxh6 Rxh6 44. Rc1 Rh4 45. Rc7 Rh7 46. Ke5 f6+ 47. Kd6 Rxc7 48. Kxc7 e5 0-1


[Site "https://www.chess.com"]

[Event "Titled Tuesday Blitz February 28 Early 2023"]
[White "Schroeder, Jan-Christian"]
[Black "Kalaiyalahan, Akshaya"]
[WhiteFideId "24662259"]
[BlackFideId "422894"]
[WhiteElo "2556"]
[BlackElo "2043"]
[Result "1-0"]
[Round "07"]
[TimeControl "180+2"]
[Date "2023.02.28"]
[WhiteClock "0:01:41"]
[BlackClock "0:00:14"]

1. Nf3 Nf6 2. g3 b6 3. Bg2 Bb7 4. O-O e6 5. c4 Be7 6. d4 O-O 7. b3 Ne4 8. Bb2 d6 9. Nfd2 f5 10. Qc2 d5 11. Nc3 Nd7 12. Rac1 c6 13. Nf3 Bd6 14. e3 g5 15. Ne2 Qf6 16. Ne1 g4 17. Nf4 Bxf4 18. exf4 Rac8 19. f3 gxf3 20. Nxf3 Ba6 21. a4 Kh8 22. Qe2 Rg8 23. Qe3 Rg6 24. Ne5 Nxe5 25. dxe5 Qe7 26. Bxe4 dxe4 27. Rfd1 Rgg8 28. Rd6 Rgd8 29. Rcd1 b5 30. Qd4 bxc4 31. Rxd8+ 1-0


[Site "https://www.chess.com"]

[Event "Titled Tuesday Blitz February 28 Early 2023"]
[White "Gritsenko, Nikolai"]
[Black "parintele_chess"]
[WhiteFideId "14112493"]
[WhiteElo "2389"]
[BlackElo "2235"]
[Result "1-0"]
[Round "07"]
[TimeControl "180+2"]
[Date "2023.02.28"]
[WhiteClock "0:00:08"]
[BlackClock "0:00:03"]

1. e4 c6 2. d4 d5 3. f3 e5 4. dxe5 d4 5. Nd2 c5 6. f4 Nc6 7. Ngf3 f6 8. exf6 Nxf6 9. Bc4 Bg4 10. O-O Qd7 11. h3 Bxf3 12. Qxf3 O-O-O 13. a3 h5 14. Nb3 h4 15. Bd2 Nh5 16. Rae1 Ng3 17. Rf2 Bd6 18. e5 Be7 19. Na5 Nxa5 20. Bxa5 Rdf8 21. Qg4 Qxg4 22. hxg4 b6 23. Bd2 h3 24. gxh3 Rxh3 25. Be6+ Kc7 26. g5 Rh1+ 27. Kg2 Rxe1 28. Bxe1 Ne4 29. Rf3 Bxg5 30. Bd5 Rxf4 31. Rxf4 Bxf4 32. Bxe4 Bxe5 33. Bd3 Kc6 34. a4 Kd5 35. b3 Kc6 36. Kf3 Kb7 37. Ke4 Bc7 38. Kd5 a6 39. Bh4 Bh2 40. Ke6 Kc6 41. Bxa6 Bf4 42. Kf5 Be3 43. Bc4 Kd6 44. Kg6 Kc7 45. Bg3+ Kb7 46. Kxg7 Ka7 47. Kf7 Kb7 48. Ke6 Ka7 49. Kd7 Bd2 50. Kc6 Ba5 51. Bc7 Ka8 52. Bxb6 Bc3 53. Kc7 1-0


[Site "https://www.chess.com"]

[Event "Titled Tuesday Blitz February 28 Early 2023"]
[White "Shuvalova, Polina"]
[Black "Cueto, Jonny"]
[WhiteFideId "24171760"]
[BlackFideId "3300145"]
[WhiteElo "2330"]
[BlackElo "2212"]
[Result "1-0"]
[Round "07"]
[TimeControl "180+2"]
[Date "2023.02.28"]
[WhiteClock "0:00:12"]
[BlackClock "0:00:06"]

1. e4 e6 2. d4 d5 3. Nd2 Nc6 4. Ngf3 Nf6 5. e5 Nd7 6. c3 f6 7. exf6 Qxf6 8. Be2 Bd6 9. Nf1 O-O 10. Ne3 Ne7 11. Ng4 Qg6 12. h3 Nf6 13. Nfe5 Bxe5 14. Nxe5 Qe8 15. Bd3 Nd7 16. Ng4 Nf6 17. Ne5 Nd7 18. Nf3 c5 19. Qe2 Qf7 20. Ng5 Qf6 21. Nxh7 Qf7 22. Nxf8 Nxf8 23. dxc5 b6 24. cxb6 axb6 25. O-O Neg6 26. Be3 Ne5 27. Bxb6 Nxd3 28. Qxd3 Ba6 29. Qe3 Bxf1 30. Kxf1 Nd7 31. Re1 e5 32. Bc7 Rf8 33. Kg1 e4 34. Bg3 Qe7 35. c4 Nc5 36. cxd5 Nd3 37. Qxe4 Qxe4 38. Rxe4 Nxb2 39. d6 Rd8 40. Rd4 Rd7 41. Be5 Kf7 42. f4 g6 43. Kf2 Ke6 44. Ke2 Ra7 45. a4 Nxa4 46. d7 Rxd7 47. Rxa4 Rb7 48. Ra6+ Kf7 49. Rf6+ Ke7 50. Rxg6 Rb2+ 51. Bxb2 Kf7 52. Ra6 Ke7 53. h4 Kf7 54. h5 Kg8 55. h6 Kh7 56. g4 1-0


[Site "https://www.chess.com"]

[Event "Titled Tuesday Blitz February 28 Early 2023"]
[White "Omariev, Maksim"]
[Black "EdmundPlayer"]
[WhiteFideId "4193423"]
[WhiteElo "2460"]
[BlackElo "2208"]
[Result "1-0"]
[Round "07"]
[TimeControl "180+2"]
[Date "2023.02.28"]
[WhiteClock "0:00:12"]
[BlackClock "0:00:26"]

1. e4 e5 2. Nf3 Nc6 3. Bb5 a6 4. Ba4 Nf6 5. O-O Nxe4 6. d4 b5 7. Bb3 d5 8. dxe5 Be6 9. Nbd2 Nc5 10. c3 Nxb3 11. Nxb3 Be7 12. Nbd4 Nxd4 13. Nxd4 O-O 14. f4 Bd7 15. f5 c5 16. Ne2 Qc7 17. f6 gxf6 18. exf6 Bd6 19. Qxd5 Kh8 20. Bh6 Rg8 21. Bg7+ Rxg7 22. fxg7+ Kg8 23. Qxf7# 1-0


[Site "https://www.chess.com"]

[Event "Titled Tuesday Blitz February 28 Early 2023"]
[White "Hartikainen, Jarmo"]
[Black "mohsengabr2002"]
[WhiteFideId "503134"]
[WhiteElo "2195"]
[BlackElo "2400"]
[Result "0-1"]
[Round "07"]
[TimeControl "180+2"]
[Date "2023.02.28"]
[WhiteClock "0:02:11"]
[BlackClock "0:02:51"]

1. e4 c5 2. c3 g6 3. d4 cxd4 4. cxd4 Bg7 5. Be3 d5 6. f3 dxe4 7. fxe4 Nf6 8. Nc3 Ng4 9. Bb5+ Nc6 10. Nd5 Nxe3 11. Nxe3 Qa5+ 0-1


[Site "https://www.chess.com"]

[Event "Titled Tuesday Blitz February 28 Early 2023"]
[White "Tiarks, Jann-Christian"]
[Black "Fernandez Hernandez, Gerardo"]
[WhiteFideId "12951595"]
[BlackFideId "2207400"]
[WhiteElo "2194"]
[BlackElo "2195"]
[Result "1-0"]
[Round "07"]
[TimeControl "180+2"]
[Date "2023.02.28"]
[WhiteClock "0:00:11"]
[BlackClock "0:00:01"]

1. e4 e6 2. d3 d5 3. Nd2 Nf6 4. Ngf3 Nc6 5. g3 dxe4 6. dxe4 e5 7. Bg2 Bc5 8. O-O O-O 9. c3 a5 10. Qc2 Qe7 11. Nc4 b5 12. Ne3 Ba6 13. Nf5 Qe8 14. Rd1 Rd8 15. Bg5 Qe6 16. Bh3 Kh8 17. Kg2 Qe8 18. N3h4 Bc8 19. Qe2 b4 20. Nxg7 Kxg7 21. Bxc8 Rxd1 22. Rxd1 Qxc8 23. Nf5+ Kg6 24. h4 Ne7 25. f4 Nxf5 26. h5+ Nxh5 27. exf5+ Qxf5 28. Rh1 Ng7 29. Rh6# 1-0


[Site "https://www.chess.com"]

[Event "Titled Tuesday Blitz February 28 Early 2023"]
[White "Manon-og, Ramon Jr."]
[Black "Kiseljova, Marya"]
[WhiteFideId "5200776"]
[BlackFideId "4155009"]
[WhiteElo "2323"]
[BlackElo "1807"]
[Result "1-0"]
[Round "07"]
[TimeControl "180+2"]
[Date "2023.02.28"]
[WhiteClock "0:00:53"]
[BlackClock "0:00:19"]

1. e4 c5 2. Nf3 Nc6 3. Bb5 e5 4. Bxc6 dxc6 5. O-O Bd6 6. d3 Ne7 7. h3 O-O 8. Bg5 f6 9. Be3 Ng6 10. Nbd2 b6 11. a4 a5 12. Nc4 Bc7 13. c3 Be6 14. b3 Qd7 15. d4 cxd4 16. cxd4 exd4 17. Qxd4 Qxd4 18. Nxd4 Bxc4 19. bxc4 Ne5 20. Bf4 Nf3+ 21. gxf3 Bxf4 22. Nxc6 Rf7 23. Rab1 Rc8 24. Rxb6 Rfc7 25. Nxa5 Rc5 26. Rb5 R5c7 27. Rd1 Kf7 28. Kg2 Ra8 29. c5 Rca7 30. Nc6 Rxa4 31. Nd8+ Kg6 32. Rb7 Ra2 33. Kg1 Rc2 34. Ne6 Be5 35. Rxg7+ Kh6 36. Rdd7 Ra1+ 37. Kg2 f5 38. Rxh7+ Kg6 39. Nf8+ Kf6 40. h4 Raa2 41. Rdf7# 1-0


[Site "https://www.chess.com"]